 Dungeon Crawl Stone Soup version 0.18.1-6-gd335043 (webtiles) character file.

136 Mefis the Magician (level 4, -6/24 HPs)
             Began as a Deep Elf Wizard on May 20, 2016.
             Killed from afar by an orc wizard (8 damage)
             ... with a puff of flame
             ... on level 4 of the Dungeon.
             The game lasted 00:10:41 (4012 turns).

Mefis the Magician (Deep Elf Wizard)                Turns: 4012, Time: 00:10:41

Health: -6/24      AC:  5    Str:  4    XL:     4   Next: 98%
Magic:  4/13       EV: 13    Int: 24    God:
Gold:   127        SH:  0    Dex: 13    Spells: 6 memorised, 0 levels left

rFire  . . .     SeeInvis .     m - +0 dagger (holy)
rCold  + . .     Gourm    .     a - +0 robe
rNeg   . . .     Faith    .     (no shield)
rPois  .         Spirit   .     t - +0 helmet
rElec  .         Dismiss  .     p - +0 cloak
rCorr  .         Reflect  .     (no gloves)
SustAt .         Harm     .     o - +0 pair of boots
MR     .....                    (no amulet)
Stlth  ++........               (no ring)
                                z - ring of protection from cold

@: not resistant to hostile enchantments, unstealthy
A: no striking features
a: no special abilities


You were on level 4 of the Dungeon.
You were very hungry.

You visited 1 branch of the dungeon, and saw 5 of its levels.

You collected 127 gold pieces.

Inventory:

Hand Weapons
 k - a +0 hunting sling
 m - a +0 dagger of holy wrath (weapon)
 n - a +0 short sword
Missiles
 i - 8 sling bullets
 u - 3 poisoned needles
 y - 8 tomahawks (quivered)
Armour
 a - a +0 robe (worn)
 b - a +0 hat
 o - a +0 pair of boots (worn)
 p - a +0 cloak (worn)
 t - a +0 helmet (worn)
Jewellery
 z - a ring of protection from cold (left hand)
Wands
 A - a wand of polymorph (13/24)
Scrolls
 e - 3 scrolls of teleportation {unknown}
 f - a scroll of magic mapping {unknown}
 h - a scroll of amnesia {unknown}
 l - 3 scrolls of remove curse {unknown}
 q - a scroll of random uselessness {unknown}
 s - a scroll of noise {unknown}
Potions
 g - a potion of mutation {unknown}
 j - a potion of magic {unknown}
 r - a potion of cure mutation {unknown}
 x - a potion of lignification {unknown}
Books
 c - a book of Minor Magic

   Spells                             Type                      Level
   a - Magic Dart                     Conjuration                  1
   b - Blink                          Translocation                2
   c - Call Imp                       Summoning                    2
   d - Repel Missiles                 Charms/Air                   2
   e - Slow                           Hexes                        2
   f - Conjure Flame                  Conjuration/Fire             3
   g - Mephitic Cloud                 Conjuration/Poison/Air       3
Comestibles
 d - 2 bread rations
 v - a slice of pizza
 w - a beef jerky


   Skills:
 + Level 3.2 Dodging
 + Level 3.7 Stealth
 + Level 5.1 Spellcasting
 * Level 3.4 Conjurations
 - Level 1.1 Summonings
 - Level 1.1 Translocations
 + Level 0.2 Fire Magic
 + Level 0.7 Poison Magic


You couldn't memorise any spells.
You knew the following spells:

 Your Spells              Type           Power        Failure   Level  Hunger
a - Magic Dart            Conj           ###.         1%          1    None
b - Call Imp              Summ           ##......     12%         2    None
c - Blink                 Tloc           N/A          12%         2    None
d - Repel Missiles        Chrm/Air       #.....       14%         2    None
e - Mephitic Cloud        Conj/Pois/Air  ##......     17%         3    ##.....
f - Conjure Flame         Conj/Fire      ###.....     14%         3    ##.....


Dungeon Overview and Level Annotations

Branches:
Dungeon (5/15)
 Temple: D:4-7

Altars:
Cheibriados
Dithmenos
Fedhas
Nemelex Xobeh
Pakellas
Yredelemnul


Message History

The orc wizard casts a spell at you. The puff of flame misses you.
The orc wizard casts a spell at you. The puff of flame hits you!
The orc wizard casts a spell at you. The puff of frost hits you! You resist.
There is a stone staircase leading down here.
You climb downwards.
A jackal and an orc come into view.
The orc shouts!
Found 16 gold pieces and a scroll labeled ANEUMN UQOD.
There is a stone staircase leading up here.
You climb upwards.
There is a stone staircase leading down here.
The orc wizard casts a spell at you. The magic dart hits you!
* * * LOW HITPOINT WARNING * * *
The orc wizard casts a spell at you. The puff of flame hits you!
You die...

...........##.###.....#
...........##.# #.....#
.....#...####.# #.....#
.. #.#....###.# #######
...#.##.......#
...#....#o>.).###
#....######.....##
####.#######.....########
#.........###.#.@........
......###.....###........
#o##..# ####### #.......<
#.##..# #########
#)###..# ..# ##... .##
##.. . ... # ##


You could see an orc wizard.

Vanquished Creatures
  Robin (D:2)
  2 adders
  An ooze (D:1)
  2 worms
  2 giant geckos (D:3)
  6 orcs
  A ball python (D:2)
  3 giant cockroaches
  5 hobgoblins (D:2)
  9 jackals
  3 quokkas
  9 bats
  3 giant newts
  17 goblins
  14 kobolds
  8 rats
86 creatures vanquished.

Vanquished Creatures (collateral kills)
  An orc (D:1)
  A hobgoblin (D:2)
2 creatures vanquished.

Grand Total: 88 creatures vanquished

Notes
Turn   | Place    | Note
--------------------------------------------------------------
     0 | D:1      | Mefis the Deep Elf Wizard began the quest for the Orb.
     0 | D:1      | Reached XP level 1. HP: 10/10 MP: 7/7
   118 | D:1      | Reached XP level 2. HP: 15/15 MP: 6/9
   123 | D:1      | Learned a level 2 spell: Call Imp
   126 | D:1      | Learned a level 2 spell: Blink
   129 | D:1      | Learned a level 2 spell: Repel Missiles
  1121 | D:1      | Reached XP level 3. HP: 19/19 MP: 11/11
  1126 | D:1      | Learned a level 3 spell: Mephitic Cloud
  2104 | D:2      | Found a snail-covered altar of Cheibriados.
  2222 | D:2      | Reached skill level 5 in Spellcasting
  2448 | D:2      | Reached XP level 4. HP: 24/24 MP: 10/13
  2477 | D:2      | Noticed Robin
  2497 | D:2      | Killed Robin
  2502 | D:2      | Learned a level 3 spell: Conjure Flame
  2908 | D:2      | Found a basalt altar of Yredelemnul.
  3108 | D:2      | Found a sparkling altar of Nemelex Xobeh.
  3583 | D:3      | Found an oddly glowing altar of Pakellas.
  3583 | D:3      | Noticed a wolf spider
  3656 | D:3      | Found a blossoming altar of Fedhas.
  3788 | D:3      | Found a shadowy altar of Dithmenos.
  4004 | D:5      | Entered Level 5 of the Dungeon
  4012 | D:4      | Killed from afar by an orc wizard

Skill      XL: |  1  2  3  4 |
---------------+-------------+-----
Conjurations   | 2 3 |  3.4
Stealth        | 3 |  3.7
Dodging        | 3 |  3.2
Spellcasting   | 5 |  5.1
Summonings     | |  1.1
Translocations | |  1.1
Fire Magic     | |  0.2
Poison Magic   | |  0.7

Action                   |  1- 3 |  4- 6 || total
-------------------------+-------+-------++-------
Melee: Unarmed           |    11 |       ||    11
       Short sword       |     3 |       ||     3
       Dagger            |     1 |    11 ||    12
 Cast: Magic Dart        |    99 |    89 ||   188
       Call Imp          |     7 |     2 ||     9
       Mephitic Cloud    |     1 |       ||     1
 Stab: Sleeping          |     2 |       ||     2
  Eat: Chunk             |     5 |     3 ||     8
Armor: Robe              |     8 |     5 ||    13
Dodge: Dodged            |    23 |    21 ||    44
